 Dungeon Crawl Stone Soup version 0.22-a0-542-gce4f928 (webtiles) character file.

278313 kuniqs the Fetichist (level 19, -7/183 HPs)
             Began as a Deep Dwarf Fighter on June 24, 2018.
             Was the Champion of Makhleb.
             Mangled by an Ice Fiend (14 damage)
             ... summoned by a deep elf demonologist
             ... on level 3 of the Elven Halls.
             The game lasted 01:04:58 (28420 turns).

kuniqs the Fetichist (Deep Dwarf Fighter)          Turns: 28420, Time: 01:04:59

Health: -7/183     AC: 31    Str: 26    XL:     19   Next: 63%
Magic:  19/19      EV: 11    Int: 18    God:    Makhleb [******]
Gold:   1261       SH: 30    Dex: 12    Spells: 18/18 levels left

rFire    + . .     SeeInvis +   Z - +2 broad axe (freeze)
rCold    + . .     Gourm    .   c - +6 large shield "Xaenes" {MR+ rCorr Int+3}
rNeg     + . .     Faith    .   s - +2 plate armour {rF+}
rPois    +         Spirit   .   r - +1 helmet
rElec    +         Reflect  +   Y - +2 cloak {+Inv}
rCorr    +         Harm     .   a - +0 pair of gloves
MR       ++++.     Clarity  +   I - +2 pair of boots
Stlth    ..........             V - amulet of Ovev {Reflect rElec MR+ Int+4 SH+3}
HPRegen  0.00/turn              U - ring of see invisible
MPRegen  0.16/turn              W - ring of poison resistance

@: lethally poisoned (-7 -> -7), non-regenerating, drained
A: damage resistance, heal wounds, blink, blurry vision 1, clarity, cold
resistance 1, negative energy resistance 1, sense surroundings 3, no
regeneration
}: 2/15 runes: serpentine, barnacled
a: Heal Wounds, Blink, Minor Destruction, Lesser Servant of Makhleb, Major
Destruction, Greater Servant of Makhleb, Renounce Religion, Evoke Invisibility


You were on level 3 of the Elven Halls.
You worshipped Makhleb.
Makhleb was exalted by your worship.
You were hungry.

You visited 7 branches of the dungeon, and saw 35 of its levels.
You also visited: Ice Cave.

You collected 3385 gold pieces.
You spent 2124 gold pieces at shops.

Inventory:

Hand Weapons
 Z - a +2 broad axe of freezing (weapon)
Missiles
 p - 4 throwing nets (quivered)
Armour
 a - a +0 pair of gloves (worn)
 c - the +6 large shield "Xaenes" (worn) {MR+ rCorr Int+3}
   (You found it on level 4 of the Snake Pit)

   It affects your intelligence (+3).
   It affects your resistance to hostile enchantments.
   It protects you from acid and corrosion.
 r - a +1 helmet (worn)
 s - a +2 plate armour of fire resistance (worn)
 I - a +2 pair of boots (worn)
 Y - a +2 cloak of invisibility (worn)
Jewellery
 U - a ring of see invisible (left hand)
 V - the amulet of Ovev (around neck) {Reflect rElec MR+ Int+4 SH+3}
   (You bought it in a shop on level 2 of the Orcish Mines)

   [amulet of reflection]

   It shields you and reflects attacks.
   It affects your intelligence (+4).
   It insulates you from electricity.
   It affects your resistance to hostile enchantments.
   It affects your SH (+3).
 W - a ring of poison resistance (right hand)
Wands
 h - a wand of disintegration (24)
 n - a wand of digging (43)
 t - a wand of paralysis (6)
 x - a wand of polymorph (10)
 A - a wand of flame (42)
 J - a wand of random effects (84)
 K - a wand of iceblast (6)
 M - a wand of enslavement (23)
 R - a wand of acid (11)
Scrolls
 e - 15 scrolls of remove curse {@r2}
 i - 4 scrolls of fear
 k - 10 scrolls of teleportation
 o - a scroll of immolation
 q - 5 scrolls of fog
 u - 5 scrolls of blinking
 w - 6 scrolls of magic mapping
 y - a scroll of vulnerability
 D - 4 scrolls of identify {@r1}
 O - a scroll of enchant armour
 P - 2 scrolls of holy word
 S - 3 scrolls of enchant weapon
Potions
 d - 3 potions of might
 j - 5 potions of flight
 l - 7 potions of heal wounds
 m - a potion of cancellation
 v - 8 potions of curing {@q1}
 z - 3 potions of haste
 B - 2 potions of ambrosia
 H - 4 potions of mutation
 N - a potion of invisibility
 Q - a potion of resistance
 T - 5 potions of agility
 X - 5 potions of berserk rage
Miscellaneous
 g - a lightning rod (4/4)
 C - a phial of floods
 E - 2 boxes of beasts
 F - a fan of gales
 G - a lamp of fire
 L - a sack of spiders
Comestibles
 b - 9 chunks of flesh
 f - 42 rations


   Skills:
 + Level 14.6(14.2) Fighting
 + Level 16.9(16.4) Axes
 + Level 17.0(16.5) Armour
 - Level 10.0(9.6) Dodging
 + Level 16.9(16.5) Shields
 - Level 8.0(7.6) Invocations
 + Level 18.3(17.8) Evocations


You had 18 spell levels left.
You didn't know any spells.
Your spell library was empty.

Dungeon Overview and Level Annotations

Branches:
Dungeon (15/15)            Temple (1/1) D:6            Lair (6/6) D:10
 Shoals (4/4) Lair:4        Snake (4/4) Lair:2        Slime (0/5) Lair:6
    Orc (2/2) D:9             Elf (3/3) Orc:2        Vaults (0/5) D:13
 Depths (0/5) D:15

Altars:
Ashenzari
Cheibriados
Dithmenos
Elyvilon
Fedhas
Gozag
Hepliaklqana
Kikubaaqudgha
Makhleb
Nemelex Xobeh
Okawaru
Ru
Sif Muna
Trog
Uskayaw
Vehumet
Wu Jian
Xom
Yredelemnul
Zin
The Shining One

Shops:
D:6 [   D:12 ?*   Orc:2 *[=(   Elf:1 *   Shoals:3 (   Snake:4 =}=

Annotations:
D:11 2 transporters, Nib's ghost, journeyman BaSu
Lair:1 1 runed door, Ripsaw's ghost, novice TrWr
Snake:3 exclusion: Roxanne, Roxanne
Elf:2 3 runed doors


Innate Abilities, Weirdness & Mutations

You are resistant to damage.
You can heal yourself by infusing magical energy.
You resist negative energy. (rN+)
You passively map a large area around you.
You do not regenerate.
You can translocate small distances at will.
Scrolls take you a little longer to read.
You possess an exceptional clarity of mind.
Your flesh is cold resistant. (rC+)


Message History

The deep elf blademaster hits you but does no damage.
You block the deep elf blademaster's attack. x2
The deep elf mage gestures wildly while chanting.
You block the red devil's attack. You block the Executioner's attack.
The Executioner hits you.
The Executioner hits you but does no damage.
Send 'em back where they came from!
Your orange demon disappears in a puff of smoke!
The deep elf elementalist hits you but does no damage.
The sun demon hits you.
You are engulfed in flames!
You resist.
* * * LOW HITPOINT WARNING * * *
You block the deep elf blademaster's attack.
The deep elf blademaster hits you but does no damage.
The Hell Sentinel hits you!
* * * LOW HITPOINT WARNING * * *
The Hell Sentinel hits you but does no damage.
The Ice Fiend claws you!
* * * LOW HITPOINT WARNING * * *
The Ice Fiend freezes you! You resist.
You die...

#)# #)# #)# * **,
** ###)### * *,,
, ##.))..## * ,
,,
**###.))ยง...###*
, , ,, ,
#...()())...# , ,
, , ,
#....1ee....# ,
,,, ,, , ,
#....e@3))..#* ,
* #....1)14.^.# ,
* * , , ,
#...1ee44e..# ,,
* , , ,
#....2Ee%...#* ,
, ,,,
###...e...###, ,,
, , , ##..[..## ,
, , ###e###,,, ,,
, *, , ,,.ee , ,
, * ,,,,, ... , ,
, , *


You could see a Hell Sentinel, a Tzitzimitl, 2 deep elf blademasters, an Ice
Fiend, a reaper, an Executioner, a deep elf elementalist, a sun demon, 2 deep
elf demonologists, 4 deep elf knights, a deep elf high priest, an earth
elemental, a hellwing, a deep elf mage and 2 red devils.

Vanquished Creatures
  Mara (Snake:3)
  The ghost of Jaen the Bane of Scribes, a legendary GnBe of Trog (D:15)
  Vashnia (Snake:4)
  A deep elf master archer (Elf:3)
  2 krakens
  Kirke (Shoals:3)
  Frances (D:14)
  4 nagarajas (Snake:4)
  Agnes (Snake:4)
  Ilsuiw (Shoals:4)
  Aizul (Snake:3)
  6 deep elf sorcerers (Elf:3)
  An orc warlord (Orc:2)
  Louise (Shoals:3)
  2 deep elf elementalists (Elf:3)
  The ghost of Ridoarphu the Bludgeoner, a journeyman MiBe of Trog (D:15)
  A vampire knight (D:14)
  5 deep elf demonologists (Elf:3)
  4 deep elf annihilators (Elf:3)
  Azrael (D:15)
  An ettin (D:15)
  A merfolk javelineer (Shoals:4)
  2 deep elf death magi (Elf:3)
  11 merfolk impalers
  12 naga warriors
  3 deep elf high priests
  7 hydras
  3 catoblepae (Lair:6)
  6 centaur warriors
  5 two-headed ogres
  15 dancing weapons
  10 anacondas
  3 merfolk avatars
  13 merfolk aquamancers
  A satyr (Shoals:4)
  A tengu warrior (D:15)
  11 naga sharpshooters
  3 orc high priests (Orc:2)
  10 death yaks (Lair:6)
  3 shock serpents
  12 deep elf knights
  2 salamander mystics
  3 skeletal warriors (D:14)
  A fire crab (Lair:6)
  21 sea snakes
  A death drake (Lair:1)
  Pikel (D:9)
  A naga ritualist (Snake:4)
  A phantasmal warrior (D:14)
  11 deep elf archers
  18 ugly things
  4 orc sorcerers
  2 orc knights (Orc:2)
  5 fauns
  7 harpies
  3 mana vipers
  38 deep elf magi
  18 manticores
  11 salamanders
  7 cyclopes
  8 merfolk sirens
  2 black mambas (shapeshifter)
  18 naga magi
  14 elephants
  2 guardian serpents
  A torpor snail (Lair:5)
  3 water nymphs
  14 spiny frogs
  Maurice (D:12)
  23 black mambas
  2 rime drakes
  A gargoyle (D:11)
  3 centaur skeletons
  10 komodo dragons
  2 efreet (D:15)
  A yaktaur (D:15)
  A redback zombie (D:15)
  27 merfolk
  7 trolls
  A polar bear (Lair:3)
  2 trolls (shapeshifter)
  2 hornets
  4 wind drakes
  12 hippogriffs
  16 blink frogs
  13 dream sheep
  A meliai zombie (D:11)
  6 slime creatures
  10 snapping turtles
  10 water elementals
  2 air elementals (Elf:1)
  A vampire (D:12)
  4 fire elementals
  2 wraiths
  A shadow (D:14)
  6 hogs (Shoals:3)
  3 wyverns
  43 yaks
  2 basilisks
  Grum (Lair:1)
  3 hungry ghosts
  4 wargs
  A soldier ant (D:15)
  Duvessa (D:5)
  15 water moccasins
  51 nagas
  A floating eye (shapeshifter) (D:10)
  A hell hound (D:15)
  11 porcupines
  11 ice beasts
  35 orc warriors
  7 sky beasts
  A phantom (D:9)
  4 slaves (D:9)
  2 black bears
  An eye of draining (D:10)
  14 wolves
  11 ogres
  A boggart (D:14)
  16 centaurs
  9 crocodiles
  3 big kobolds
  A gnoll sergeant (D:10)
  12 bullfrogs
  Dowan (D:5)
  5 earth elementals
  3 scorpions
  A water moccasin skeleton (D:10)
  5 killer bees (D:9)
  9 wights
  6 electric eels
  5 howler monkeys
  A lava snake (Lair:2)
  5 centaur zombies
  5 crimson imps
  2 quasits
  A bullfrog zombie (D:9)
  5 jellies
  20 orc priests
  6 hounds
  27 orc wizards
  2 bullfrog skeletons
  4 iguanas
  Ijyb (D:4)
  Natasha (thrice) (D:3)
  10 worker ants
  A killer bee zombie (D:7)
  Robin (D:3)
  A worker ant zombie (D:11)
  A howler monkey skeleton (D:4)
  17 adders
  10 gnolls
  A shadow imp (D:8)
  12 white imps (D:11)
  An ooze (D:2)
  An adder zombie (D:5)
  An adder skeleton (D:7)
  4 worms
  5 leopard geckos
  70 orcs
  10 giant cockroaches
  16 goblins
  10 hobgoblins
  11 jackals
  16 kobolds
  5 quokkas
  2 ball pythons
  14 bats
  3 frilled lizards
  A leopard gecko skeleton (D:4)
  A leopard gecko zombie (D:5)
  2 quokka skeletons
  A quokka zombie (D:6)
  7 rats
  6 fungi
  11 plants
  4 tentacles
1196 creatures vanquished.

Vanquished Creatures (collateral kills)
  Gastronok (D:12)
  3 nagarajas (Snake:4)
  A deep elf elementalist (Elf:3)
  Snorg (D:12)
  A hydra (D:15)
  2 orc high priests (Orc:2)
  A shock serpent (Snake:4)
  A skeletal warrior (D:14)
  An ugly thing (D:15)
  An orc sorcerer (Orc:2)
  2 orc knights (Orc:2)
  A mana viper (Snake:3)
  A black mamba (Snake:4)
  An ice statue (IceCv)
  8 nagas (Snake:4)
  5 orc warriors (Orc:2)
  A howler monkey (D:14)
  4 orc priests (Orc:2)
  2 orc wizards (Orc:2)
  7 orcs (Orc:2)
45 creatures vanquished.

Vanquished Creatures (others)
  A deep elf master archer (Elf:3)
  2 merfolk javelineers
  7 naga sharpshooters
  A satyr (Shoals:4)
  2 deep elf archers (Elf:1)
  A mana viper (Snake:3)
  An ugly thing (D:15)
  3 cyclopes
  A manticore (Shoals:4)
  A black mamba (Snake:4)
  2 yaktaurs
  A shadow (D:15)
  3 nagas
  4 centaurs
  A jelly (D:15)
  An orc wizard (Orc:2)
  An orc (D:5)
  9 fungi
  17 plants
  11 tentacles
  6 withered plants (D:15)
76 creatures vanquished.

Grand Total: 1317 creatures vanquished

Notes
Turn   | Place    | Note
-------+----------+-------------------------------------------
     0 | D:1      | kuniqs the Deep Dwarf Fighter began the quest for the Orb.
     0 | D:1      | Reached XP level 1. HP: 20/20 MP: 1/1
    54 | D:1      | Reached XP level 2. HP: 16/27 MP: 2/2
   160 | D:1      | Reached skill level 1 in Dodging
   298 | D:1      | Reached XP level 3. HP: 34/34 MP: 3/3
   589 | D:2      | Found an ornate altar of the Wu Jian Council.
   606 | D:2      | Reached XP level 4. HP: 34/42 MP: 4/4
   743 | D:2      | Found a radiant altar of Vehumet.
   872 | D:3      | Found a sacrificial altar of Ru.
   898 | D:3      | Noticed Natasha
   909 | D:3      | Killed Natasha
   918 | D:3      | Reached XP level 5. HP: 48/49 MP: 5/5
   977 | D:3      | Noticed Robin
  1001 | D:3      | Killed Robin
  1112 | D:3      | Noticed Natasha
  1126 | D:3      | Killed Natasha
  1126 | D:3      | Reached XP level 6. HP: 39/57 MP: 6/6
  1373 | D:3      | Found a deep blue altar of Sif Muna.
  1589 | D:3      | Noticed Natasha
  1595 | D:3      | Killed Natasha
  1985 | D:4      | Noticed Ijyb
  1995 | D:5      | Entered Level 5 of the Dungeon
  2040 | D:5      | Found Kudaid's Food Shop.
  2057 | D:5      | Noticed Duvessa
  2084 | D:5      | Killed Duvessa
  2084 | D:5      | Reached XP level 7. HP: 45/64 MP: 7/7
  2085 | D:5      | Noticed Dowan
  2092 | D:5      | Killed Dowan
  2092 | D:5      | Reached skill level 5 in Armour
  2092 | D:5      | Reached skill level 5 in Shields
  2134 | D:5      | Found an iron altar of Okawaru.
  2732 | D:6      | Reached skill level 5 in Axes
  2732 | D:6      | Reached XP level 8. HP: 56/73 MP: 8/8
  2740 | D:6      | Found an iron altar of Okawaru.
  2878 | D:6      | Found Tamnayt's Antique Armour Shoppe.
  2911 | D:6      | Reached skill level 5 in Fighting
  2919 | D:6      | Reached skill level 5 in Dodging
  2978 | D:6      | Found a staircase to the Ecumenical Temple.
  2984 | Temple   | Entered the Ecumenical Temple
  3005 | Temple   | Became a worshipper of Makhleb the Destroyer
  3061 | D:6      | You fall through a shaft!
  3075 | D:7      | Reached skill level 1 in Invocations
  3105 | D:7      | Noticed a hippogriff
  3128 | D:7      | Killed a hippogriff
  3128 | D:7      | Gained mutation: You passively map the area around you. [Deep Dwarf growth]
  3128 | D:7      | Reached XP level 9. HP: 59/81 MP: 9/9
  3157 | D:7      | Found an ancient bone altar of Kikubaaqudgha.
  3359 | D:7      | Noticed an angel
  3360 | D:7      | Found a glowing silver altar of Zin.
  3448 | D:7      | Reached * piety under Makhleb
  3986 | D:8      | Reached skill level 1 in Evocations
  4016 | D:8      | Found a sparkling altar of Nemelex Xobeh.
  4730 | D:9      | Reached skill level 2 in Evocations
  4761 | D:9      | Found a staircase to the Orcish Mines.
  4788 | D:9      | Found an opulent altar of Gozag.
  4805 | D:9      | Reached XP level 10. HP: 86/91 MP: 12/12
  4813 | D:9      | Reached ** piety under Makhleb
  4815 | D:9      | Reached skill level 5 in Invocations
  4941 | D:9      | Noticed a seven-headed hydra
  4957 | D:9      | Killed a seven-headed hydra
  4957 | D:9      | Reached skill level 3 in Evocations
  4968 | D:9      | Found a basalt altar of Yredelemnul.
  5128 | D:9      | Noticed Pikel
  5154 | D:9      | Killed Pikel
  5667 | D:10     | Entered Level 10 of the Dungeon
  5669 | D:10     | Paralysed by a hornet for 1 turns
  5680 | D:10     | Reached skill level 4 in Evocations
  5812 | D:10     | Found a staircase to the Lair.
  5902 | D:10     | Reached skill level 5 in Evocations
  6001 | D:10     | Reached XP level 11. HP: 87/100 MP: 12/12
  6034 | D:10     | Reached *** piety under Makhleb
  6087 | D:10     | Noticed a deep elf archer
  6109 | D:10     | Killed a deep elf archer
  6604 | D:11     | Noticed a two-headed ogre
  6615 | D:11     | Killed a two-headed ogre
  6875 | D:11     | Reached skill level 6 in Evocations
  6959 | D:11     | Found a frozen archway.
  6968 | IceCv    | Entered an ice cave
  6968 | IceCv    | Noticed a white ugly thing
  6969 | IceCv    | Found a transporter.
  6979 | IceCv    | Reached **** piety under Makhleb
  7004 | IceCv    | Killed a white ugly thing
  7022 | IceCv    | Noticed a white ugly thing
  7033 | IceCv    | Killed a brown ugly thing
  7034 | IceCv    | Found a transporter.
  7227 | D:11     | Found a transporter.
  7227 | D:11     | Noticed Nib's ghost (journeyman BaSu)
  7234 | D:11     | Noticed a wolf spider
  7239 | D:11     | Found a transporter.
  7546 | D:6      | Found a snail-covered altar of Cheibriados.
  7625 | D:4      | Killed Ijyb
  8055 | Lair:1   | Entered Level 1 of the Lair of Beasts
  8055 | Lair:1   | Noticed Erica
  8057 | Lair:1   | Noticed Erica
  8057 | Lair:1   | Erica changed into Erica the death drake
  8065 | Lair:1   | Killed Erica the death drake
  8121 | Lair:1   | Reached skill level 7 in Evocations
  8213 | Lair:1   | Noticed Grum
  8237 | Lair:1   | Killed Grum
  8315 | Lair:1   | Found a runed door.
  8318 | Lair:1   | Noticed Ripsaw's ghost (novice TrWr)
  8320 | Lair:1   | Noticed a spriggan rider
  8527 | Lair:1   | Reached XP level 12. HP: 104/110 MP: 11/11
  8810 | Lair:2   | Found a staircase to the Snake Pit.
  8969 | Lair:2   | Reached ***** piety under Makhleb
  9251 | Lair:2   | Reached skill level 8 in Evocations
  9672 | Lair:3   | Reached skill level 10 in Armour
  9815 | Lair:3   | Reached skill level 10 in Shields
  9958 | Lair:3   | Noticed a four-headed hydra
 10062 | Lair:3   | Reached skill level 10 in Axes
 10154 | Lair:3   | Got an encrusted rapier
 10183 | Lair:3   | Identified the +4 rapier "Huguacall" {freeze, MR+} (You found it on level 3 of the Lair of Beasts)
 10312 | Lair:3   | Killed a one-headed hydra
 10312 | Lair:3   | Reached skill level 9 in Evocations
 10367 | Lair:3   | Reached skill level 10 in Dodging
 10644 | Lair:4   | Reached XP level 13. HP: 106/120 MP: 12/12
 10866 | Lair:4   | Found a staircase to the Shoals.
 11190 | Lair:4   | Noticed Nessos
 11191 | Lair:4   | Noticed Nessos
 11191 | Lair:4   | Nessos changed into Nessos the faun
 11206 | Lair:4   | Killed Nessos the faun
 12147 | Lair:5   | Reached skill level 10 in Evocations
 12316 | Lair:5   | Gained mutation: Armour fits poorly on your strangely shaped body. [potion of mutation]
 12316 | Lair:5   | Gained mutation: You have a somewhat thin skeletal structure. (Dex +2, Stealth) [potion of mutation]
 12316 | Lair:5   | Gained mutation: You possess an exceptional clarity of mind. [potion of mutation]
 12316 | Lair:5   | Gained mutation: Your muscles are strong. (Str +2) [potion of mutation]
 12317 | Lair:5   | Lost mutation: Armour fits poorly on your strangely shaped body. [potion of mutation]
 12317 | Lair:5   | Lost mutation: Your muscles are strong. (Str +2) [potion of mutation]
 12317 | Lair:5   | Lost mutation: You have a somewhat thin skeletal structure. (Dex +2, Stealth) [potion of mutation]
 12317 | Lair:5   | Lost mutation: You possess an exceptional clarity of mind. [potion of mutation]
 12317 | Lair:5   | Gained mutation: Your flesh is cold resistant. (rC+) [potion of mutation]
 12317 | Lair:5   | Gained mutation: You possess an exceptional clarity of mind. [potion of mutation]
 12317 | Lair:5   | Gained mutation: Scrolls take you a little longer to read. [potion of mutation]
 12317 | Lair:5   | Gained mutation: You can translocate small distances at will. [potion of mutation]
 12323 | Lair:6   | Entered Level 6 of the Lair of Beasts
 12688 | Lair:6   | Reached skill level 11 in Evocations
 12697 | Lair:6   | Gained mutation: You resist negative energy. (rN+) [Deep Dwarf growth]
 12697 | Lair:6   | Reached XP level 14. HP: 130/130 MP: 15/15
 12711 | Lair:6   | Reached skill level 10 in Fighting
 12756 | Lair:6   | Found a staircase to the Slime Pits.
 12788 | Lair:6   | Reached ****** piety under Makhleb
 13525 | Orc:1    | Entered Level 1 of the Orcish Mines
 13728 | Orc:2    | Entered Level 2 of the Orcish Mines
 13980 | Orc:2    | Found a staircase to the Elven Halls.
 14018 | Orc:2    | Reached skill level 12 in Evocations
 14320 | Orc:2    | Noticed an orc warlord
 14356 | Orc:2    | Killed an orc warlord
 14466 | Orc:2    | Found Buz Cou's General Store.
 14467 | Orc:2    | Found Goox Xishre's Jewellery Shoppe.
 14468 | Orc:2    | Found Ischeside's Antique Armour Shoppe.
 14468 | Orc:2    | Found Faecooph's Antique Weapon Emporium.
 14482 | Orc:2    | Bought a potion of resistance for 130 gold pieces
 14482 | Orc:2    | Bought a potion of haste for 130 gold pieces
 14482 | Orc:2    | Bought a scroll of fog for 26 gold pieces
 14483 | Orc:2    | Bought the amulet of Ovev {Reflect rElec MR+ Int+4 SH+3} for 655 gold pieces
 14483 | Orc:2    | Bought an uncursed ring of poison resistance for 300 gold pieces
 14965 | D:12     | Found Begar's Magic Scroll Boutique.
 14972 | D:12     | Bought a scroll of enchant armour for 97 gold pieces
 14972 | D:12     | Bought a scroll of identify for 26 gold pieces
 15002 | D:12     | Noticed Sonja
 15005 | D:12     | Noticed Sonja
 15005 | D:12     | Sonja changed into Sonja the blink frog
 15021 | D:12     | Killed Sonja the blink frog
 15107 | D:12     | Found Naceroy's Blood Bar.
 15274 | D:12     | Noticed Gastronok
 15287 | D:12     | Killed Gastronok
 15324 | D:12     | Noticed Snorg
 15325 | D:12     | Noticed Maurice
 15334 | D:12     | Killed Snorg
 15338 | D:12     | Killed Maurice
 15481 | D:13     | Reached XP level 15. HP: 140/140 MP: 15/15
 15682 | D:13     | Found an opulent altar of Gozag.
 15802 | D:13     | Found a gate to the Vaults.
 16329 | D:14     | Reached skill level 13 in Evocations
 16478 | D:14     | Got a steaming copper ring
 16481 | D:14     | Identified the ring "Emol" {+Fly rN+} (You found it on level 14 of the Dungeon)
 16800 | D:14     | Noticed Frances
 16814 | D:14     | Killed Frances
 17164 | D:15     | Entered Level 15 of the Dungeon
 17293 | D:15     | Found a staircase to the Depths.
 17549 | D:15     | Found a runed gate.
 17549 | D:15     | Noticed Ridoarphu's ghost (journeyman MiBe)
 17550 | D:15     | Found a runed gate.
 17550 | D:15     | Found a runed gate.
 17551 | D:15     | Noticed Jaen's ghost (legendary GnBe)
 17590 | D:15     | Killed Ridoarphu's ghost
 17605 | D:15     | Killed Jaen's ghost
 17875 | D:15     | Reached skill level 14 in Evocations
 17924 | D:15     | Reached XP level 16. HP: 136/152 MP: 17/17
 17984 | D:15     | Noticed Azrael
 17990 | D:15     | Killed Azrael
 18284 | Snake:1  | Entered Level 1 of the Snake Pit
 18582 | Snake:1  | Found a hazy altar of Hepliaklqana.
 20682 | Snake:3  | Noticed Roxanne
 20686 | Snake:3  | Noticed Mara
 20718 | Snake:3  | Noticed kuniqs's illusion
 20732 | Snake:3  | Killed Mara
 20858 | Snake:3  | Noticed Aizul
 20876 | Snake:3  | Reached skill level 15 in Evocations
 20891 | Snake:3  | Killed Aizul
 21040 | Snake:3  | Identified the cursed +1 hand axe of Ash {speed, rC+ Str+6} (You found it on level 3 of the Snake Pit)
 21848 | Snake:4  | Entered Level 4 of the Snake Pit
 21884 | Snake:4  | Reached XP level 17. HP: 138/162 MP: 17/17
 21957 | Snake:4  | Identified the +6 large shield "Xaenes" {MR+ rCorr Int+3} (You found it on level 4 of the Snake Pit)
 22083 | Snake:4  | Found Egacs's Jewellery Boutique.
 22084 | Snake:4  | Found Fuont's Gadget Emporium.
 22086 | Snake:4  | Found Icim's Jewellery Boutique.
 22133 | Snake:4  | Bought a wand of acid (4) for 192 gold pieces
 22133 | Snake:4  | Bought a wand of iceblast (10) for 168 gold pieces
 22133 | Snake:4  | Bought a box of beasts for 240 gold pieces
 22295 | Snake:4  | Noticed Agnes
 22316 | Snake:4  | Killed Agnes
 22366 | Snake:4  | Reached skill level 15 in Armour
 22402 | Snake:4  | Reached skill level 15 in Shields
 22429 | Snake:4  | Got a serpentine rune of Zot
 22539 | Snake:4  | Noticed Vashnia
 22569 | Snake:4  | Reached skill level 15 in Axes
 22585 | Snake:4  | Killed Vashnia
 22585 | Snake:4  | Reached skill level 16 in Evocations
 23042 | Shoals:1 | Entered Level 1 of the Shoals
 24570 | Shoals:3 | Gained mutation: You passively map a large area around you. [Deep Dwarf growth]
 24570 | Shoals:3 | Reached XP level 18. HP: 172/172 MP: 19/19
 24781 | Shoals:3 | Noticed Louise
 24785 | Shoals:3 | Killed Louise
 24809 | Shoals:3 | Identified a scroll of acquirement
 24859 | Shoals:3 | Found Diofyxuts's Antique Weapon Shoppe.
 25163 | Shoals:4 | Entered Level 4 of the Shoals
 25240 | Shoals:4 | Got a barnacled rune of Zot
 25293 | Shoals:4 | Noticed Ilsuiw
 25307 | Shoals:4 | Killed Ilsuiw
 25307 | Shoals:4 | Reached skill level 17 in Evocations
 26145 | Shoals:3 | Noticed Kirke
 26167 | Shoals:3 | Killed Kirke
 26555 | Elf:1    | Entered Level 1 of the Elven Halls
 27025 | Elf:1    | Reached XP level 19. HP: 182/182 MP: 20/20
 27197 | Elf:1    | Found Lini Ara's General Store.
 27206 | Elf:1    | Bought a wand of enslavement (14) for 160 gold pieces
 27633 | Elf:2    | Found a runed gate.
 27633 | Elf:2    | Found a runed gate.
 27635 | Elf:2    | Found a runed gate.
 27839 | Elf:3    | Entered Level 3 of the Elven Halls
 28274 | Elf:3    | Reached skill level 18 in Evocations
 28415 | Elf:3    | Noticed a Tzitzimitl
 28418 | Elf:3    | HP: 7/183 [Ice Fiend[a deep elf demonologist] (11)]
 28420 | Elf:3    | Mangled by an Ice Fiend

Vault maps used:
D:1:      dpeg_arrival_long_road, minmay_tall_x
D:2:      nicolae_overflow_crystal_walls, lemuel_doored_altar
D:3:      lemuel_round_altar, lemuel_blue_sif_altar, gup_sewer_entry_glass,
          uniq_robin, uniq_natasha
D:4:      first_ration, uniq_ijyb
D:5:      serial_shops, nicolae_shop_trees, lemuel_tele_altar, uniq_duvessa
D:6:      marbit_many_paths, okawaru_ov_weapons_minmay,
          minmay_temple_entry_fiery, serial_shops, shop
D:7:      zin_angel, basic_altar, serial_bayou, serial_bayou_ford_a,
          serial_bayou_lake_a, serial_bayou_pond_b, serial_bayou_pond_d
D:8:      nemelex_altar_shiori
D:9:      kennysheep_mini, grunt_gozag_statues, david_orc_3,
          blue_anna_alchemist, uniq_pikel
D:10:     minmay_the_grid_plus_closed, minmay_misc_feat_room
D:11:     gammafunk_ghost_arena, portal_ice_cave_entry_imps,
          corexii_checkpoint_b
D:12:     serial_shops, nicolae_shop_trees, guppyfry_shop_blood, uniq_gastronok,
          uniq_maurice, uniq_sonja, uniq_snorg
D:13:     erik_vaults_1, minmay_misc_feat_secret_circle, lemuel_centaur_altar
D:14:     kennysheep_water_balloons, uniq_frances
D:15:     hangedman_depths_entry_civil_slaughter, gammafunk_ghost_cemetery,
          minmay_strange_pillars, uniq_azrael
Temple:   minmay_temple_bridge_abc
Lair:1:   ebering_ghost_funeral_grove, grunt_megastairs_1, uniq_grum, uniq_erica
Lair:2:   minmay_snake_entry_six_corridors, serial_bayou_pond_e,
          grunt_megastairs_3, serial_bayou_shore_b
Lair:3:   serial_bayou_shore_b, infiniplex_staircase_pool_2
Lair:4:   elwin_shoals_entry_rooms, uniq_nessos
Lair:6:   evilmike_catoblepas_cave, minmay_slime_entry_pillars,
          minmay_stone_trees_small
Shoals:1: st_sunken_huts
Shoals:3: cheibrodos_shoals_three_sisters, serial_shops, shop, yaktaur_hedge,
          uniq_kirke, uniq_louise
Shoals:4: shoals_end_simple, shoals_ilsuiw_ice
Snake:1:  basic_altar, statue_in_the_mist_lemuel
Snake:2:  serial_bayou_shore_b, serial_bayou_shore_b
Snake:3:  serial_bayou_shore_b, serial_bayou_shore_b, uniq_mara, uniq_aizul,
          uniq_roxanne
Snake:4:  minmay_snake_end_coiled, st_stairs_3, minmay_shop_grove, uniq_vashnia,
          uniq_agnes
Orc:2:    st_orc_congregation
Elf:1:    minmay_elf_arrival_plus, serial_shops, nicolae_shop_statue_plus,
          minmay_elf_demonology, st_stairs_8, minmay_misc_feat_diagonals
Elf:3:    minmay_elf_hall_hex, spider_trap
IceCv:    ice_cave_statue_garden_transporter

Skill      XL: |  1  2  3  4  5  6  7  8  9 10 11 12 13 14 15 16 17 18 19 |
---------------+----------------------------------------------------------+-----
Dodging        | 1 2 3 4 5 6 7 8 10 | 10.0
Fighting       | 3 4 5 6 7 8 9 10 11 12 13 14 | 14.6
Axes           | 3 4 5 6 7 8 9 10 11 12 13 14 15 16 | 16.9
Armour         | 4 5 6 7 8 9 10 11 12 13 14 15 16 17 | 17.0
Shields        | 4 5 6 7 8 9 10 11 12 13 14 15 16 | 16.9
Invocations    | 2 4 6 8 |  8.0
Evocations     | 2 5 7 9 11 12 14 15 16 17 18 | 18.3

Action                   |  1- 3 |  4- 6 |  7- 9 | 10-12 | 13-15 | 16-18 | 19-21 || total
-------------------------+-------+-------+-------+-------+-------+-------+-------++-------
Melee: War axe           |    77 |    38 |       |       |       |       |       ||   115
       Flail             |       |   112 |       |       |       |       |       ||   112
       Hand axe          |       |    76 |   333 |  1017 |  1365 |  1517 |       ||  4308
       Scimitar          |       |       |       |     6 |    38 |       |       ||    44
       Broad axe         |       |       |       |       |       |   519 |   211 ||   730
Throw: Javelin           |       |       |     9 |     5 |       |       |       ||    14
       Throwing net      |       |       |     2 |       |     1 |       |       ||     3
Invok: Minor Destruction |       |       |       |     3 |       |       |       ||     3
       Lesser Servant of |       |       |       |     2 |    13 |     9 |     4 ||    28
       Greater Servant o |       |       |       |       |     2 |       |     1 ||     3
 Abil: Heal Wounds       |     2 |     4 |    12 |    23 |    14 |     6 |     3 ||    64
Evoke: Wand              |       |       |       |    13 |    15 |    52 |    29 ||   109
       Lamp of fire      |       |       |       |       |     3 |     2 |     1 ||     6
       Lightning rod     |       |       |       |       |     2 |     4 |     5 ||    11
       Phial of floods   |       |       |       |       |       |     2 |       ||     2
  Use: Scroll            |       |     5 |     3 |    11 |     9 |    12 |     2 ||    42
       Potion            |       |       |       |     3 |     2 |     1 |       ||     6
 Stab: Paralysed         |       |       |       |    10 |     9 |       |       ||    19
       Distracted        |       |       |       |       |     5 |     3 |     1 ||     9
  Eat: Chunk             |       |     4 |     9 |    22 |    22 |    23 |     4 ||    84
       Ration            |       |       |     1 |       |     1 |     3 |       ||     5
Armor: Scale mail        |    45 |    96 |    13 |       |       |       |       ||   154
       Chain mail        |       |       |   149 |   147 |       |       |       ||   296
       Plate armour      |       |       |       |   293 |   542 |   546 |   128 ||  1509
Dodge: Dodged            |    29 |   101 |   102 |   352 |   453 |   366 |    49 ||  1452
Block: Shield            |    56 |   136 |   209 |   614 |   950 |   482 |       ||  2447
       Reflection        |       |       |       |       |    50 |   245 |    20 ||   315
       Large shield      |       |       |       |       |       |  1643 |   253 ||  1896
       Rpst.: Scimitar   |       |       |       |     1 |     6 |       |       ||     7

Table legend:
 A = Spawn XP
 B = Non-spawn XP
 C = Spawn XP percentage of total XP
 D = Spawn monster count
 E = Non-spawn monster count
 F = Spawn count percentage of total count
 G = Total turns spent on level
                    A         B        C        D         E        F      G
               +---------+---------+-------+---------+---------+-------+---------
         Total |       0 |  438283 |   0.0 |       0 |    1247 |   0.0 | 28420
               +---------+---------+-------+---------+---------+-------+---------
           D:1 |       0 |      54 |   0.0 |       0 |      25 |   0.0 |   463
           D:2 |       0 |      64 |   0.0 |       0 |      22 |   0.0 |   405
           D:3 |       0 |     349 |   0.0 |       0 |      50 |   0.0 |   937
           D:4 |       0 |     224 |   0.0 |       0 |      12 |   0.0 |   514
           D:5 |       0 |     860 |   0.0 |       0 |      28 |   0.0 |   649
           D:6 |       0 |     969 |   0.0 |       0 |      22 |   0.0 |   559
           D:7 |       0 |    1653 |   0.0 |       0 |      24 |   0.0 |   700
           D:8 |       0 |     983 |   0.0 |       0 |      14 |   0.0 |  1063
           D:9 |       0 |    3399 |   0.0 |       0 |      35 |   0.0 |  1046
          D:10 |       0 |    4268 |   0.0 |       0 |      38 |   0.0 |  1031
          D:11 |       0 |    3481 |   0.0 |       0 |      40 |   0.0 |   735
          D:12 |       0 |    5466 |   0.0 |       0 |      25 |   0.0 |   550
          D:13 |       0 |    9759 |   0.0 |       0 |      36 |   0.0 |   736
          D:14 |       0 |   18289 |   0.0 |       0 |      38 |   0.0 |  1014
          D:15 |       0 |   26661 |   0.0 |       0 |      45 |   0.0 |  1003
        Lair:1 |       0 |    3659 |   0.0 |       0 |      17 |   0.0 |   769
        Lair:2 |       0 |    6559 |   0.0 |       0 |      40 |   0.0 |   924
        Lair:3 |       0 |    8794 |   0.0 |       0 |      39 |   0.0 |   987
        Lair:4 |       0 |    6099 |   0.0 |       0 |      23 |   0.0 |  1155
        Lair:5 |       0 |    5058 |   0.0 |       0 |      16 |   0.0 |   679
        Lair:6 |       0 |   30608 |   0.0 |       0 |      70 |   0.0 |  1072
      Shoals:1 |       0 |   19332 |   0.0 |       0 |      36 |   0.0 |   859
      Shoals:2 |       0 |    8147 |   0.0 |       0 |      18 |   0.0 |   715
      Shoals:3 |       0 |   27519 |   0.0 |       0 |      48 |   0.0 |   826
      Shoals:4 |       0 |   39652 |   0.0 |       0 |      61 |   0.0 |   926
       Snake:1 |       0 |    7319 |   0.0 |       0 |      16 |   0.0 |   954
       Snake:2 |       0 |   18973 |   0.0 |       0 |      39 |   0.0 |  1374
       Snake:3 |       0 |   29887 |   0.0 |       0 |      40 |   0.0 |  1339
       Snake:4 |       0 |   46850 |   0.0 |       0 |      83 |   0.0 |  1027
         Orc:1 |       0 |     323 |   0.0 |       0 |       4 |   0.0 |   412
         Orc:2 |       0 |   16698 |   0.0 |       0 |     126 |   0.0 |   992
         Elf:1 |       0 |   26609 |   0.0 |       0 |      45 |   0.0 |   799
         Elf:2 |       0 |   10985 |   0.0 |       0 |      17 |   0.0 |   485
         Elf:3 |       0 |   46634 |   0.0 |       0 |      46 |   0.0 |   581
         IceCv |       0 |    2099 |   0.0 |       0 |       9 |   0.0 |    98
               +---------+---------+-------+---------+---------+-------+---------
